 Dungeon Crawl Stone Soup version 0.18.1-5-g4a78601 (webtiles) character file.

344 Mefis the Magician (level 6, -4/44 HPs)
             Began as a Human Wizard on May 12, 2016.
             Slain by a water moccasin zombie (5 damage)
             ... in an ossuary.
             The game lasted 00:17:28 (6534 turns).

Mefis the Magician (Human Wizard)                   Turns: 6534, Time: 00:17:29

Health: -4/44      AC:  4    Str: 12    XL:     6   Next: 89%
Magic:  6/11       EV: 13    Int: 21    God:
Gold:   214        SH:  0    Dex: 11    Spells: 5 memorised, 2 levels left

rFire  . . .     SeeInvis +     o - -3 short sword (curse)
rCold  . . .     Gourm    .     a - +0 robe
rNeg   . . .     Faith    .     (no shield)
rPois  +         Spirit   .     l - +1 helmet
rElec  .         Dismiss  .     (no cloak)
rCorr  .         Reflect  .     (no gloves)
SustAt .         Harm     .     (no boots)
MR     .....                    (no amulet)
Stlth  ++........               k - ring of see invisible
                                g - ring of poison resistance

@: mighty, not resistant to hostile enchantments, unstealthy
A: no striking features
a: no special abilities


You were in an ossuary.
You were not hungry.

You visited 1 branch of the dungeon, and saw 4 of its levels.
You also visited: Ossuary.

You collected 214 gold pieces.

Inventory:

Hand Weapons
 f - a +0 dagger
 o - a cursed -3 short sword (weapon)
 q - a +5 whip
 t - a +0 rapier
 x - a +3 dagger
Missiles
 v - 4 poisoned needles
Armour
 a - a +0 robe (worn)
 b - a +0 hat
 l - a +1 helmet (worn)
Jewellery
 g - a ring of poison resistance (left hand)
 k - a ring of see invisible (right hand)
Scrolls
 i - a scroll of recharging
 p - 2 scrolls of enchant armour
 r - a scroll of identify {unknown}
 s - a scroll of teleportation
 u - a scroll of enchant weapon {unknown}
 w - a scroll of amnesia {unknown}
 y - 2 scrolls of remove curse {unknown}
 C - a scroll of blinking {unknown}
Potions
 d - a potion of curing
 e - a potion of might
 m - a potion of degeneration {unknown}
 n - a potion of ambrosia {unknown}
Books
 c - a book of Minor Magic

   Spells                             Type                      Level
   a - Magic Dart                     Conjuration                  1
   b - Blink                          Translocation                2
   c - Call Imp                       Summoning                    2
   d - Repel Missiles                 Charms/Air                   2
   e - Slow                           Hexes                        2
   f - Conjure Flame                  Conjuration/Fire             3
   g - Mephitic Cloud                 Conjuration/Poison/Air       3
 z - a book of Death

   Spells                             Type                      Level
   a - Corpse Rot                     Necromancy                   2
   b - Sublimation of Blood           Necromancy                   2
   c - Agony                          Necromancy                   5
   d - Dispel Undead                  Necromancy                   5
   e - Excruciating Wounds            Charms/Necromancy            5
   f - Bolt of Draining               Conjuration/Necromancy       5
Comestibles
 h - a meat ration
 j - 3 slices of pizza
 A - 7 fruits


   Skills:
 + Level 1.8 Fighting
 + Level 3.2 Dodging
 + Level 3.4 Stealth
 + Level 3.8 Spellcasting
 + Level 2.4 Conjurations
 + Level 2.4 Summonings
 - Level 1.0 Translocations
 * Level 1.6 Poison Magic


You had 2 spell levels left.
You knew the following spells:

 Your Spells              Type           Power        Failure   Level  Hunger
a - Magic Dart            Conj           ##..         6%          1    None
b - Call Imp              Summ           ##......     10%         2    #......
c - Blink                 Tloc           N/A          14%         2    #......
d - Repel Missiles        Chrm/Air       #.....       21%         2    #......
e - Mephitic Cloud        Conj/Pois/Air  #.......     24%         3    ###....


Dungeon Overview and Level Annotations

Branches:
Dungeon (4/15)
 Temple: D:4-7

Altars:
Makhleb
The Shining One

Annotations:
D:1 fly to potion
D:2 Natasha


Message History

Aim: a water moccasin zombie The magic dart hits the water moccasin zombie.
The water moccasin zombie bites you.
* * * LOW HITPOINT WARNING * * *
Casting: Magic Dart
Confirm with . or Enter, or press ? or * to list all spells.
Aiming: Magic Dart
Press: ? - help, Shift-Dir - straight line, f/p - water moccasin zombie
Aim: a water moccasin zombie The magic dart hits the water moccasin zombie.
The water moccasin zombie bites you.
* * * LOW HITPOINT WARNING * * *
Drink which item? (? for menu, Esc to quit)
You feel very mighty all of a sudden. The water moccasin zombie bites you.
* * * LOW HITPOINT WARNING * * *
You are too injured to fight recklessly!
You are too injured to fight recklessly!
You puncture the water moccasin zombie! The water moccasin zombie bites you.
You die...

#^..'.∩.#?!!!+
#^..#...#!!?!#
#^^^##### ###
#^^^# ###'#
#...# #...#
#...# #.@.#
##Z##


#ZZZ# #ZZZ# #.^^# #^.^# ###'# .# .+ You could see 2 adder zombies, a water
moccasin zombie, a gnoll zombie, a big kobold zombie and 2 orc zombies.

Vanquished Creatures
  A water moccasin zombie (Ossuary)
  A jelly (D:3)
  An orc priest (D:3)
  2 big kobold zombies (Ossuary)
  8 adders
  An adder zombie (Ossuary)
  2 worms (D:3)
  2 dart slugs (D:1)
  2 giant geckos
  4 orcs (D:3)
  A giant cockroach (D:1)
  A gnoll zombie (Ossuary)
  12 goblins
  9 hobgoblins
  11 jackals
  2 ball pythons (D:3)
  6 bats
  10 giant newts
  A hobgoblin zombie (Ossuary)
  10 kobolds
  A kobold zombie (Ossuary)
  10 rats
98 creatures vanquished.

Vanquished Creatures (collateral kills)
  Terence (D:2)
  Robin (D:2)
  4 goblins (D:2)
  2 hobgoblins (D:2)
  A kobold (D:2)
9 creatures vanquished.

Grand Total: 107 creatures vanquished

Notes
Turn   | Place    | Note
--------------------------------------------------------------
     0 | D:1      | Mefis the Human Wizard began the quest for the Orb.
     0 | D:1      | Reached XP level 1. HP: 13/13 MP: 4/4
   227 | D:1      | Reached XP level 2. HP: 10/19 MP: 0/6
   231 | D:1      | Learned a level 2 spell: Call Imp
   234 | D:1      | Learned a level 2 spell: Blink
   237 | D:1      | Learned a level 2 spell: Repel Missiles
  1168 | D:1      | Reached XP level 3. HP: 25/25 MP: 1/7
  2281 | D:2      | Reached XP level 4. HP: 22/31 MP: 0/9
  2614 | D:2      | Noticed Robin
  3136 | D:2      | Killed Robin
  3273 | D:2      | Noticed Terence
  3421 | D:2      | Killed Terence
  3421 | D:2      | Reached XP level 5. HP: 33/36 MP: 2/10
  3426 | D:2      | Learned a level 3 spell: Mephitic Cloud
  3690 | D:2      | Noticed Natasha
  4156 | D:3      | Reached skill level 1 in Fighting
  4744 | D:3      | Found a burning altar of Makhleb.
  4744 | D:3      | Noticed a balrug
  4747 | D:3      | Noticed a ynoxinul
  4747 | D:3      | Noticed a hellwing
  4797 | D:3      | Found a glowing golden altar of the Shining One.
  4805 | D:3      | Reached XP level 6. HP: 43/43 MP: 4/11
  5451 | D:3      | Reached skill level 1 in Poison Magic
  5833 | D:4      | Found a sand-covered staircase.
  5840 | Ossuary  | Entered an ossuary
  6533 | Ossuary  | HP: 1/44 [water moccasin zombie (4)]
  6534 | Ossuary  | Slain by a water moccasin zombie

Skill      XL: |  1  2  3  4  5  6 |
---------------+-------------------+-----
Stealth        | 3 |  3.4
Conjurations   | 2 |  2.4
Summonings     | 2 |  2.4
Fighting       | 1 |  1.8
Dodging        | 3 |  3.2
Poison Magic   | 1 |  1.6
Spellcasting   | |  3.8
Translocations | |  1.0

Action                   |  1- 3 |  4- 6 || total
-------------------------+-------+-------++-------
Melee: Dagger            |    72 |       ||    72
       Short sword       |       |   159 ||   159
 Cast: Magic Dart        |    79 |   181 ||   260
       Repel Missiles    |     1 |       ||     1
       Call Imp          |       |    13 ||    13
       Blink             |       |     2 ||     2
       Mephitic Cloud    |       |     4 ||     4
  Use: Scroll            |       |     3 ||     3
       Potion            |       |     3 ||     3
 Stab: Sleeping          |     1 |     2 ||     3
       Confused          |       |     5 ||     5
  Eat: Chunk             |     4 |     8 ||    12
       Bread ration      |       |     1 ||     1
       Meat ration       |       |     1 ||     1
Armor: Robe              |    23 |    52 ||    75
Dodge: Dodged            |    59 |   123 ||   182
       Deflected         |     3 |       ||     3
